 Dungeon Crawl Stone Soup version 0.30-a0-331-g8ab09dc110 (webtiles) character file.

Game seed: 13177493829746166659

6038 Windows96 the Spear-Bearer (level 10, -6/90 HPs)
             Began as a Ghoul Monk on Oct 30, 2022.
             Was an Elder of Wu Jian.
             Killed from afar by a gargoyle (21 damage)
             ... with a stone arrow
             ... on level 10 of the Dungeon.
             The game lasted 01:02:43 (10573 turns).

Windows96 the Spear-Bearer (Ghoul Monk)            Turns: 10573, Time: 01:02:43

Health: -6/90      AC:  8    Str: 20    XL:     10   Next: 86%
Magic:  9/9        EV: 28    Int:  5    God:    Wu Jian [****..]
Gold:   472        SH:  8    Dex: 14    Spells: 9/9 levels left

rFire   . . .      SeeInvis .    p - +8 spear "Dareob" {freeze, rPois rC+ rN+++ Dex-3}
rCold   + + .      Faith    .    a - +3 warlock's mirror {reflect}
rNeg    + + +      Spirit   .    e - +3 robe of Clouds {*Thunder rCloud rElec}
rPois   ∞          Reflect  +    c - +0 helmet
rElec   +          Harm     .    (no cloak)
rCorr   +          Rampage  .    m - +0 pair of gloves
Will    .....                    h - +0 pair of boots
Stlth   +++.......               y - amulet of the acrobat
HPRegen 0.00/turn                s - ring of resist corrosion
MPRegen 0.11/turn                B - +6 ring of dexterity

@: acrobatic, inhibited regen, studying Shields
A: claws 1, cold resistance 1, negative energy resistance 3, inhibited
regeneration, torment resistance 2, devour on kill
a: Renounce Religion, Wall Jump, Serpent's Lash


You were on level 10 of the Dungeon.
You worshipped Wu Jian.
Wu Jian was greatly pleased with you.
You visited 2 branches of the dungeon, and saw 11 of its levels.
You also visited: Ossuary.

You collected 472 gold pieces.

Inventory:

Hand Weapons
 p - the +8 spear "Dareob" (weapon) {freeze, rPois rC+ rN+++ Dex-3}
   (You found it on level 2 of the Dungeon)

   It freezes those it strikes, dealing additional cold damage.
   It can also slow down cold-blooded creatures.
   Dex:       It affects your dexterity (-3).
   rC:        It protects you from cold.
   rPois:     It protects you from poison.
   rN:        It renders you almost immune to negative energy.
Armour
 a - the +3 warlock's mirror (worn) {reflect}
   (You acquired it in an ossuary)

   It can block and reflect piercing ranged attacks and magical attacks against
   the wielder's willpower.
 c - a +0 helmet (worn)
 e - the +3 robe of Clouds (worn) {*Thunder rCloud rElec}
   (You found it on level 7 of the Dungeon)

   It occasionally creates storm clouds above nearby enemies.
   It grants its wearer immunity to clouds.
   rElec:     It insulates you from electricity.
 h - a +0 pair of boots (worn)
 m - a +0 pair of gloves (worn)
 n - the +1 robe of Zin's Reproof {rN+++ rCorr MP-9 Slay+3}
   (You found it on level 8 of the Dungeon)

   Slay:      It affects your accuracy & damage with ranged weapons and melee
   (+3).
   rN:        It renders you almost immune to negative energy.
   MP:        It affects your magic capacity (-9).
   rCorr:     It protects you from acid and corrosion.
 E - the +8 chain mail "Ytenolir" {rC- Regen+ Dex+8 Stlth+}
   (You found it on level 6 of the Dungeon)

   Dex:       It affects your dexterity (+8).
   rC:        It makes you vulnerable to cold.
   Regen:     It increases your rate of health regeneration.
   Stlth:     It makes you more stealthy.
Jewellery
 s - a ring of resist corrosion (left hand)
 y - an amulet of the acrobat (around neck)
 B - a +6 ring of dexterity (right hand)
Wands
 K - a wand of light (7)
Scrolls
 i - 5 scrolls of amnesia
 j - 2 scrolls of vulnerability
 k - 2 scrolls of immolation
 o - a scroll of summoning
 r - 4 scrolls of teleportation
 u - a scroll of fog
 v - a scroll of fear
 x - a scroll of poison {unknown}
 A - 4 scrolls of blinking
 C - a scroll of enchant weapon
 D - a scroll of magic mapping {unknown}
 F - a scroll of enchant armour {unknown}
Potions
 b - 2 potions of ambrosia
 d - 2 potions of resistance
 f - 3 potions of haste
 g - 7 potions of curing
 q - 3 potions of brilliance
 w - a potion of flight
 z - 9 potions of degeneration
 G - 2 potions of heal wounds
 H - a potion of might {unknown}
 I - a potion of invisibility {unknown}
 J - a potion of attraction {unknown}
 L - a potion of cancellation


   Skills:
 * Level 8.7 Fighting
 * Level 10.6 Polearms
 - Level 0.4 Armour
 * Level 5.3 Dodging
 - Level 5.4 Stealth
 * Level 4.8 Shields
 + Level 4.6 Unarmed Combat


You had 9 spell levels left.
You didn't know any spells.
Your spell library contained the following spells:

 Spells                   Type           Power      Damage    Failure   Level
 Scorch                   Fire           0%         2d5       71%         2
 Flame Wave               Conj/Fire      0%         2d4       100%        4
 Alistair's Intoxication  Tmut/Pois      0%         N/A       100%        5
 Borgnjor's Vile Clutch   Necr/Erth      0%         N/A       100%        5
 Eringya's Noxious Bog    Tmut/Pois      0%         N/A       100%        6
 Summon Cactus Giant      Summ           0%         N/A       100%        6
 Summon Hydra             Summ           0%         N/A       100%        7
 Sublimation of Blood     Necr           Unusable   N/A       N/A         2
 Wereblood                Tmut           Unusable   N/A       N/A         2

Dungeon Overview and Level Annotations

Branches:
Dungeon (10/15)            Temple (1/1) D:6            Lair (0/5) D:8
Ossuary (visited)
    Orc: D:9-12

Altars:
Ashenzari
Cheibriados
Dithmenos
Fedhas
Gozag
Hepliaklqana
Kikubaaqudgha
Makhleb
Nemelex Xobeh
Okawaru
Qazlal
Ru
Sif Muna
Trog
Uskayaw
Vehumet
Wu Jian
Xom
Yredelemnul

Shops:
D:1 ?

Annotations:
D:4 3 runed translucent doors, Zonian's ghost, amateur DjIE


Innate Abilities, Weirdness & Mutations

You are immune to poison.
You have sharp fingernails.
Your flesh is cold resistant. (rC+)
You are immune to negative energy. (rN+++)
You do not regenerate when monsters are visible.
You are immune to unholy pain and torment.
You thrive by killing the living.


Message History

The gargoyle hurls a stone arrow at you.
The stone arrow hits you!
Reach: p) +8 spear "Dareob" {freeze, rPois rC+ rN+++ Dex-3}
Press: ? - help, Dir - move target, f/p - gargoyle
Aim: a gargoyle, wielding a +0 mace (lightly damaged, about 16% to evade the +8 spear "Dareob")
You reach to attack!
You barely miss the gargoyle.
The gargoyle is lightly damaged.
Reach: p) +8 spear "Dareob" {freeze, rPois rC+ rN+++ Dex-3}
Press: ? - help, Dir - move target, f/p - gargoyle
Aim: a gargoyle, wielding a +0 mace (lightly damaged, about 16% to evade the +8 spear "Dareob")
You reach to attack!
You hit the gargoyle. You freeze the gargoyle.
The gargoyle is moderately damaged.
Storm clouds gather above the gargoyle.
You puncture the gargoyle! You freeze the gargoyle.
The gargoyle is severely damaged.
The gargoyle hurls a stone arrow at you.
The stone arrow misses you.
You hit the gargoyle but do no damage.
The gargoyle is severely damaged.
You hit the gargoyle but do no damage.
The gargoyle is severely damaged.
The gargoyle hurls a stone arrow at you.
The stone arrow hits you!
You hit the gargoyle but do no damage.
The gargoyle is severely damaged.
The gargoyle hits you with a +0 mace!
You hit the gargoyle but do no damage.
The gargoyle is severely damaged.
You hit the gargoyle. You freeze the gargoyle.
The gargoyle is severely damaged.
The gargoyle hurls a stone arrow at you.
The stone arrow misses you.
You hit the gargoyle but do no damage.
The gargoyle is severely damaged.
The gargoyle hurls a stone arrow at you.
The stone arrow hits you!!
* * * LOW HITPOINT WARNING * * *
The gargoyle hurls a stone arrow at you.
The stone arrow hits you!!
You die...

#........# +........
#........# #.#........
#........##...#........
#........'..# ........
#........#### ........
#........# ..(.....
####.9#### #######'
####.##### #....
#....@...# ###'###
#........##### #......
#........')..###.#####
#........###.))'.....#
#........# #########.#
#........# #.....#
#........# #.#####
#####'#### #...... #.
#####'#


You could see a gargoyle.

Vanquished Creatures
  A deep elf pyromancer (D:7)
  A gargoyle (D:10)
  2 trolls
  A hornet (D:8)
  Prince Ribbit (D:9)
  A yak (D:8)
  5 water moccasins
  3 ice beasts
  A sky beast (D:7)
  An orc warrior (D:7)
  4 black bears
  A centaur (D:7)
  An ogre (D:6)
  3 kobold brigands
  Blork the orc (D:6)
  6 bullfrogs
  A necrophage (D:6)
  2 scorpions
  13 wights
  3 killer bees (D:7)
  6 howler monkeys
  2 centaur zombies (Ossuary)
  4 orc priests
  2 hounds
  3 jellies
  A gnoll bouda (D:8)
  A human zombie (Ossuary)
  10 orc wizards
  4 mummies
  9 gnolls
  7 adders
  A shadow imp (D:7)
  A white imp (D:7)
  2 worms
  2 dart slugs
  20 orcs
  7 ball pythons
  7 endoplasms
  3 giant cockroaches
  8 goblins
  3 hobgoblins
  16 jackals
  2 quokkas
  4 bats
  2 frilled lizards
  A goblin zombie (Ossuary)
  3 hobgoblin zombies
  18 kobolds
  3 kobold zombies
204 creatures vanquished.

Vanquished Creatures (others)
  A kobold (D:10)
  27 fungi (D:8)
  27 plants
55 creatures vanquished.

Grand Total: 259 creatures vanquished

Notes
Turn   | Place    | Note
-------+----------+-------------------------------------------
     0 | D:1      | Windows96 the Ghoul Monk began the quest for the Orb.
     0 | D:1      | Reached XP level 1. HP: 19/19 MP: 0/0
   233 | D:1      | Found Haidithruo's Magic Scroll Emporium.
   596 | D:1      | Reached XP level 2. HP: 26/26 MP: 1/1
  1515 | D:2      | Reached XP level 3. HP: 31/31 MP: 2/2
  1929 | D:2      | Found a faded altar of an unknown god.
  1945 | D:2      | Reached XP level 4. HP: 34/40 MP: 3/3
  2130 | D:2      | Identified the +8 spear "Dareob" {freeze, rPois rC+ rN+++
                  | Dex-3}
  2755 | D:3      | Reached XP level 5. HP: 46/46 MP: 4/4
  3266 | D:3      | Reached skill level 1 in Polearms
  3801 | D:3      | Found a hazy altar of Hepliaklqana.
  4222 | D:4      | Reached skill level 2 in Polearms
  4222 | D:4      | Reached XP level 6. HP: 36/52 MP: 5/5
  4434 | D:4      | Reached skill level 3 in Polearms
  4583 | D:4      | Found a runed translucent gate.
  4583 | D:4      | Found a runed translucent gate.
  4583 | D:4      | Found a runed translucent gate.
  4583 | D:4      | Noticed Zonian's ghost (amateur DjIE)
  4767 | D:5      | Entered Level 5 of the Dungeon
  4794 | D:5      | Noticed a water moccasin
  4864 | D:5      | Noticed a black bear
  4873 | D:5      | Killed a black bear
  4991 | D:5      | Reached XP level 7. HP: 60/60 MP: 6/6
  5036 | D:5      | Reached skill level 4 in Polearms
  5063 | D:5      | Reached skill level 5 in Fighting
  5329 | D:5      | Found a burning altar of Makhleb.
  5519 | D:5      | Reached skill level 5 in Polearms
  5583 | D:6      | Noticed Blork the orc
  5589 | D:6      | Reached XP level 8. HP: 68/68 MP: 7/7
  5602 | D:6      | Killed Blork the orc
  5752 | D:6      | Found a staircase to the Ecumenical Temple.
  5765 | Temple   | Entered the Ecumenical Temple
  5897 | Temple   | Became a worshipper of the Wu Jian Council
  5897 | Temple   | Reached * piety under Wu Jian
  5897 | Temple   | Reached ** piety under Wu Jian
  5985 | D:6      | Reached skill level 6 in Polearms
  6157 | D:6      | Identified the +8 chain mail "Ytenolir" {rC- Regen+ Dex+8
                  | Stlth+}
  6607 | D:7      | Reached skill level 5 in Stealth
  6691 | D:7      | Reached skill level 7 in Polearms
  6691 | D:7      | Reached XP level 9. HP: 66/75 MP: 8/8
  6729 | D:7      | Found a sand-covered staircase.
  6738 | Ossuary  | Entered an ossuary
  6996 | Ossuary  | Identified a scroll of acquirement
  6997 | Ossuary  | Acquired the +3 warlock's mirror {reflect}
  6997 | Ossuary  | Found the +3 warlock's mirror {reflect}
  7216 | D:7      | Found the +3 robe of Clouds {*Thunder rCloud rElec}
  7256 | D:7      | Reached skill level 8 in Polearms
  7256 | D:7      | Reached skill level 1 in Shields
  7353 | D:7      | Reached *** piety under Wu Jian
  7609 | D:7      | Noticed a deep elf pyromancer
  7614 | D:7      | Killed a deep elf pyromancer
  7763 | D:8      | Reached skill level 9 in Polearms
  7804 | D:8      | Found a staircase to the Lair.
  7815 | D:8      | Noticed a hornet
  7824 | D:8      | Reached XP level 10. HP: 80/86 MP: 9/9
  8417 | D:8      | Identified the +1 robe of Zin's Reproof {rN+++ rCorr MP-9
                  | Slay+3}
  9103 | D:8      | Found a blossoming altar of Fedhas.
  9360 | D:9      | Reached skill level 10 in Polearms
  9635 | D:9      | Reached skill level 5 in Dodging
  9636 | D:9      | Noticed Prince Ribbit
  9648 | D:9      | Killed Prince Ribbit
  9801 | D:10     | Entered Level 10 of the Dungeon
  9941 | D:10     | Reached **** piety under Wu Jian
 10321 | D:10     | Noticed a gargoyle
 10351 | D:10     | Killed a gargoyle
 10542 | D:10     | Noticed a gargoyle
 10573 | D:10     | Killed from afar by a gargoyle

Illustrated notes

Levels and vault maps discovered:
D:1:      amcnicky_arrival_choice, layout_loops_ring, serial_shops,
          nicolae_shop_hallway_plus
D:2:      layout_basic, ebering_ecumenical_altar_box, minmay_misc_feat_five
D:3:      layout_basic, nicolae_hepliaklqana_hippocampus
D:4:      cheibrodos_helix_gallery, layout_rooms, gammafunk_ghost_necromancy
D:5:      layout_gridville, general_overflow_altar
D:6:      layout_loops_ring, minmay_temple_entry_trees, uniq_blork_the_orc
D:7:      layout_gridville, nicolae_ossuary_entry_giza,
          guppyfry_early_elven_hall
D:8:      layout_basic, fedhas_altar_1, due_lair_maze_entry_diamond,
          due_unseen_surprise
D:9:      layout_basic, uniq_prince_ribbit1
D:10:     layout_roguey, orc_0_dummy
Temple:   compressed_dpeg_triangle_lava_temple

Skill      XL: |  1  2  3  4  5  6  7  8  9 10 |
---------------+-------------------------------+-----
Dodging        | 3 4 5 |  5.3
Unarmed Combat | 4 |  4.6
Fighting       | 4 5 6 7 8 |  8.7
Polearms       | 2 3 5 7 9 10 | 10.6
Stealth        | 3 5 |  5.4
Shields        | 3 4 |  4.8
Armour         | |  0.4

Action                   |  1- 3 |  4- 6 |  7- 9 | 10-12 || total
-------------------------+-------+-------+-------+-------++-------
Melee: Unarmed           |   113 |    23 |       |       ||   136
       Punch             |     2 |       |     5 |       ||     7
       Spear             |       |   106 |   244 |   193 ||   543
Invok: Lunge             |       |       |     1 |     3 ||     4
       Whirlwind         |       |       |     1 |     1 ||     2
  Use: Potion            |       |     1 |     5 |     3 ||     9
       Scroll            |       |     1 |    10 |     1 ||    12
 Stab: Sleeping          |     5 |     1 |     3 |     4 ||    13
       Distracted        |       |       |       |     1 ||     1
Armor: Robe              |    25 |    25 |    27 |    14 ||    91
       Chain mail        |       |       |    48 |       ||    48
Dodge: Dodged            |    59 |    57 |    83 |    46 ||   245
Block: Buckler           |       |       |    21 |    27 ||    48
       Reflection        |       |       |       |     9 ||     9

Table legend: (Time is in decaauts)
 A = Elapsed time spent in this place.
 B = Non-inter-level travel time spent in this place.
 C = Inter-level travel time spent in this place.
 D = Time resting spent in this place.
 E = Time spent auto-exploring this place.
 F = Levels seen in this place.
 G = Mean time per level.
                   A        B        C        D        E       F      G
               +--------+--------+--------+--------+--------+-----+--------+
         Total |  10417 |  10065 |    352 |   1771 |   4655 |  12 |  868.1 |
       Dungeon |   9962 |   9610 |    352 |   1771 |   4606 |  10 |  996.2 |
        Temple |    148 |    148 |      0 |      0 |      0 |   1 |  148.0 |
       Ossuary |    306 |    306 |      0 |      0 |     49 |   1 |  306.0 |
               +--------+--------+--------+--------+--------+-----+--------+

Top non-repeatable levels by time:
     D:1: 1506 daAuts
     D:3: 1452 daAuts
     D:8: 1440 daAuts
     D:2: 1150 daAuts
     D:6: 831 daAuts
     D:7: 828 daAuts
     D:5: 795 daAuts
    D:10: 724 daAuts
     D:4: 656 daAuts
     D:9: 575 daAuts
 Ossuary: 306 daAuts
  Temple: 148 daAuts
